 Dungeon Crawl Stone Soup version 0.29.1-15-g9cfb28693d (webtiles) character file.

Game seed: 7206888013380214454

58 hawla the Caller (level 4, -1/33 HPs)
             Began as a Meteoran Summoner on Apr 5, 2023.
             Slain by a black bear (4 damage)
             ... on level 4 of the Dungeon.
             The game lasted 00:03:16 (513 turns).

hawla the Caller (Meteoran Summoner)                 Turns: 513, Time: 00:03:17

Health: -1/33      AC:  2    Str: 10    XL:     4   Next: 43%
Magic:  8/10       EV: 13    Int: 18    God:
Gold:   65         SH:  0    Dex: 14    Spells: 4/10 levels left

rFire   . . .      SeeInvis .   c - +1 flail (drain)
rCold   . . .      Faith    .   (no shield)
rNeg    . . .      Spirit   .   a - +0 robe
rPois   .          Reflect  .   (no helmet)
rElec   .          Harm     .   (no cloak)
rCorr   .          Rampage  .   (no gloves)
Will    .....                   (no boots)
Stlth   +.........              d - amulet of regeneration
HPRegen 0.91/turn               (no ring)
MPRegen 0.12/turn               (no ring)

@: glowing
A: sense surroundings 1, otherworldly, glowing, explore regen
a: no special abilities


You were on level 4 of the Dungeon.
You visited 1 branch of the dungeon, and saw 4 of its levels.

You collected 65 gold pieces.

Inventory:

Hand Weapons
 c - a +1 flail of draining (weapon)
Armour
 a - a +0 robe (worn)
Jewellery
 d - an amulet of regeneration (around neck)
Potions
 b - a potion of magic
 e - a potion of heal wounds {unknown}


   Skills:
 + Level 0.2 Fighting
 + Level 3.0 Dodging
 - Level 1.4 Stealth
 + Level 3.5 Spellcasting
 + Level 5.8 Summonings


You had 4 spell levels left.
You knew the following spells:

 Your Spells              Type           Power      Damage    Failure   Level
a - Summon Small Mammal   Summ           96%        N/A       1%          1
b - Call Imp              Summ           24%        N/A       1%          2
c - Call Canine Familiar  Summ           24%        N/A       4%          3

Your spell library contained the following spells:

 Spells                   Type           Power      Damage    Failure   Level
 Summon Guardian Golem    Hex/Summ       13%        N/A       14%         3
 Summon Lightning Spire   Summ/Air       13%        N/A       43%         4
 Petrify                  Tmut/Erth      3%         N/A       83%         4
 Metabolic Englaciation   Hex/Ice        1%         N/A       99%         5
 Statue Form              Tmut/Erth      2%         N/A       100%        6


Dungeon Overview and Level Annotations

Branches:
Dungeon (4/15) Zot: 1873
 Temple: D:4-7

Altars:


Innate Abilities, Weirdness & Mutations

You passively map a small area around you.
You are easily found by Zot.
You glow in the dark.
You regain HP and MP as you explore.


Message History

You swap places.
A black bear comes into view.
The black bear growls angrily.
An endoplasm comes into view.
The black bear bites you. The black bear barely misses you.
The black bear claws you.
You hit the black bear.
The black bear is moderately wounded.
Your hound closely misses the black bear.
The black bear bites you! The black bear claws you.
The black bear closely misses you.
You hit the black bear.
The black bear is moderately wounded.
Your hound bites the black bear but does no damage.
Your hound bites the black bear.
The black bear closely misses you. x2
The black bear claws you.
Casting: Summon Small Mammal (safe; 1% risk of failure)
Confirm with . or Enter, or press ? or * to list all spells.
A beastly little devil appears in a puff of flame.
Your hound barely misses the black bear.
The black bear closely misses you.
The black bear claws you but does no damage. x2
Your hound bites the black bear.
You barely miss the black bear.
The black bear is heavily wounded.
Your hound bites the black bear.
The black bear goes berserk!
Your hound misses the black bear.
Your crimson imp blinks!
The black bear bites you but does no damage.
The black bear barely misses you. The black bear closely misses you.
The endoplasm barely misses you.
You sock the black bear!
The black bear is almost dead.
Your hound bites the endoplasm.
The black bear bites you! The black bear closely misses you.
The black bear claws you!
* * * LOW HITPOINT WARNING * * *
Your hound bites the endoplasm.
The endoplasm hits your hound but does no damage.
The black bear closely misses you. The black bear claws you.
You die...

###.#,, #...#,
* #########
#...# ........#
#...#* ,
....5...#
##...#* , , *
........#
##...## ,, *
.....ยง..#
#..###*
........####.##
~*, * ,
......J@##...#
,
......hhr..###
, ###..###++##
* ~ * #. *~ ~ ~
, # * ~ * *, *
* , * * , , ~*
* ,, ~~ ~


You could see a black bear (berserk, ally target), an endoplasm (distracted,
ally target), a friendly hound (summoned), a friendly crimson imp (summoned) and
a friendly quokka (summoned).

Vanquished Creatures
  An adder (D:3)
  An orc (D:4)
2 creatures vanquished.

Vanquished Creatures (collateral kills)
  An orc wizard (D:4)
  3 orcs (D:4)
  An endoplasm (D:1)
  2 giant cockroaches
  2 goblins
  A hobgoblin (D:1)
  4 ball pythons
  2 bats (D:1)
  A frilled lizard (D:1)
  A kobold (D:1)
18 creatures vanquished.

Grand Total: 20 creatures vanquished

Notes
Turn   | Place    | Note
-------+----------+-------------------------------------------
     0 | D:1      | hawla the Meteoran Summoner began the quest for the Orb.
     0 | D:1      | Reached XP level 1. HP: 14/14 MP: 5/5
    62 | D:1      | Reached skill level 5 in Summonings
   114 | D:1      | Reached XP level 2. HP: 12/20 MP: 4/6
   361 | D:3      | Reached XP level 3. HP: 13/26 MP: 5/8
   364 | D:3      | Learned a level 2 spell: Call Imp
   368 | D:3      | Learned a level 3 spell: Call Canine Familiar
   427 | D:4      | Reached XP level 4. HP: 4/33 MP: 0/10
   505 | D:4      | Noticed a black bear
   513 | D:4      | Slain by a black bear

Illustrated notes

Levels and vault maps discovered:
D:1:      dpeg_arrival_simpleton_c, layout_basic
D:2:      layout_loops_ring, basic_altar, shapermc_ecumenical_altar_mp_vishouse,
          nicolae_eternal_life, minmay_misc_feat_five, kennysheep_doodads,
          uniq_natasha, uniq_jessica
D:3:      layout_loops_ring, chequers_temple_overflow_minitemple,
          uniq_crazy_yiuf_cottage
D:4:      cheibrodos_thug_alley, layout_basic, gammafunk_ghost_necromancy,
          nicolae_ossuary_entry_catacombs, kennysheep_generic_room_15

Skill      XL: |  1  2  3 |
---------------+----------+-----
Summonings     | 5 |  5.8
Spellcasting   | 3 |  3.5
Dodging        | 3 |  3.0
Fighting       | |  0.2
Stealth        | |  1.4

Action                   |  1- 3 |  4- 6 || total
-------------------------+-------+-------++-------
Melee: Unarmed           |    36 |     1 ||    37
       Punch             |     1 |       ||     1
       Flail             |       |     5 ||     5
 Cast: Summon Small Mamm |    14 |     1 ||    15
       Call Canine Famil |     2 |       ||     2
       Call Imp          |     1 |     1 ||     2
  Use: Potion            |       |     1 ||     1
 Stab: Distracted        |     1 |     1 ||     2
Armor: Robe              |    12 |     3 ||    15
Dodge: Dodged            |    35 |    10 ||    45
